 Dungeon Crawl Stone Soup version 0.25-a0-865-gd392131cc7 (webtiles) character file.

Game seed: 5817229709478563723, levelgen mode: deterministic

1636 DildoBatman the Conjurer (level 9, -1/59 HPs)
             Began as a Formicid Wizard on Apr 29, 2020.
             Slain by a wight
             ... wielding a +0 scimitar
              (4 damage)
             ... on level 6 of the Dungeon on Apr 30, 2020.
             The game lasted 00:27:53 (6829 turns).

DildoBatman the Conjurer (Formicid Wizard)          Turns: 6829, Time: 00:27:54

Health: -1/59      AC:  5    Str: 13      XL:     9   Next: 18%
Magic:  6/13       EV: 11    Int: 20      God:
Gold:   240        SH:  5    Dex:  7 (9)  Spells: 7/14 levels left

rFire    . . .     SeeInvis +   a - +1 flail (drain)
rCold    . . .     Gourm    .   r - +2 buckler
rNeg     . . .     Faith    .   n - +0 leather armour {rPois}
rPois    +         Spirit   .   (helmet unavailable)
rElec    .         Reflect  .   (no cloak)
rCorr    .         Harm     .   (no gloves)
MR       .....                  y - +1 pair of boots
Stlth    +.........             (no amulet)
HPRegen  0.19/turn              (no ring)
MPRegen  0.13/turn              (no ring)

@: lightly drained
A: permanent stasis, dig shafts and tunnels, four strong arms, antennae 3
a: Dig, Shaft Self


You were on level 6 of the Dungeon.
You were hungry.

You visited 1 branch of the dungeon, and saw 6 of its levels.
You also visited: Sewer.

You collected 240 gold pieces.

Inventory:

Hand Weapons
 a - a +1 flail of draining (weapon)
 b - a +0 hunting sling
 e - a +0 halberd
 E - a cursed +4 scimitar
Missiles
 d - 155 stones (quivered)
 g - 54 bolts
 k - 23 arrows
 m - 32 poisoned darts
 w - 4 sling bullets
 D - 4 atropa-tipped darts
Armour
 c - a +3 scale mail
 n - a +0 leather armour of poison resistance (worn)
 r - a +2 buckler (worn)
 y - a +1 pair of boots (worn)
Scrolls
 i - a scroll of amnesia
 o - 3 scrolls of enchant weapon
 p - 2 scrolls of enchant armour
 q - a scroll of fog
 t - a scroll of random uselessness {unknown}
 u - 2 scrolls of noise {unknown}
 x - 7 scrolls of remove curse
 z - a scroll of teleportation {unknown}
 B - a scroll of vulnerability {unknown}
Potions
 f - 2 potions of mutation {unknown}
 h - 4 potions of flight
 j - 3 potions of brilliance {unknown}
 l - 2 potions of stabbing {unknown}
 s - 2 potions of heal wounds {unknown}
 A - 7 potions of curing
 C - a potion of degeneration {unknown}
Comestibles
 v - 7 rations
 F - 4 chunks of flesh


   Skills:
 * Level 1.3(1.0) Fighting
 * Level 1.3(1.0) Armour
 * Level 2.3(1.9) Dodging
 - Level 2.4(2.0) Stealth
 - Level 2.4(2.0) Shields
 - Level 3.2(2.8) Spellcasting
 - Level 6.0(5.5) Conjurations
   Level 1.0(0.6) Summonings
   Level 0.8(0.5) Translocations
 - Level 5.0(4.5) Fire Magic
 - Level 5.0(4.5) Air Magic


You had 7 spell levels left.
You knew the following spells:

 Your Spells              Type           Power        Failure   Level  Hunger
a - Conjure Flame         Conj/Fire      ###.....     8%          3    ###....
c - Magic Dart            Conj           ####         1%          1    None
e - Mephitic Cloud        Conj/Pois/Air  ###.....     14%         3    ###....

Your spell library contained the following spells:

 Spells                   Type           Power        Failure   Level  Hunger
 Call Imp                 Summ           #.......     22%         2    ##.....
 Slow                     Hex            #.......     30%         2    ##.....
 Blink                    Tloc           Unusable     N/A         2    N/A

Dungeon Overview and Level Annotations

Branches:
Dungeon (6/15)              Sewer (visited)
 Temple: D:4-7

Altars:
Nemelex Xobeh
Yredelemnul

Annotations:
D:2 exclusion: 2 phantoms
D:3 exclusions: 6 sensed monsters (detected) and 1 more exclusion
D:4 exclusions: 2 crimson imps, sky beast and spectral thing, Ijyb
D:5 exclusions: crimson imp, 2 sensed monsters (detected) and 2 more exclusions, Edmund
D:6 1 exclusion


Innate Abilities, Weirdness & Mutations

You cannot be hasted, slowed, berserked, paralysed or teleported.
You can dig through walls and to a lower floor.
Your four strong arms can wield two-handed weapons with a shield.
You have a pair of large antennae on your head. (SInv)


Message History

Aim: a wight, wielding a +0 scimitar and wearing a +0 robe (almost destroyed)
You shoot a sling bullet.
The sling bullet closely misses the wight.
The sling bullet hits the wight.
The wight is almost destroyed.
You sense an unholy aura.
a - a +1 flail of draining (weapon)
You closely miss the wight.
The wight is almost destroyed.
The wight barely misses you.
The wight hits you with a +5 great sword.
You barely miss the wight.
The wight is almost destroyed.
The wight hits you with a +0 scimitar!
The wight hits you with a +5 great sword!
You feel drained.
You barely miss the wight.
The wight is almost destroyed.
The wight hits you with a +0 scimitar.
You die...

#.........# ......(..#
..z......## ..........
...a.{...# .........#
.........#
############## #..#
##(((z@.......# #..#
#.####z.......#####.(#
##.(z÷((.(....'(((lz(#.
#####...(....#####..#.
#........###....#.
#.................
#................#
#................#
#>...............'


You could see 2 wights.

Vanquished Creatures
  Grinder (Sewer)
  A wyvern (D:6)
  A sky beast (D:6)
  2 ogres
  A bullfrog (D:5)
  A big kobold (Sewer)
  A wyvern skeleton (D:3)
  3 wights (D:6)
  A howler monkey (D:4)
  2 quasits (Sewer)
  A bullfrog skeleton (D:4)
  4 orc priests
  2 orc wizards
  A centaur skeleton (D:5)
  2 worker ants
  A big kobold zombie (Sewer)
  2 hound zombies
  A hound skeleton (D:4)
  4 gnolls (D:4)
  7 adders
  4 shadow imps (Sewer)
  4 ufetubi (Sewer)
  An ooze (D:1)
  An adder zombie (D:5)
  An adder skeleton (D:4)
  2 worms
  2 dart slugs (D:1)
  3 leopard geckos
  6 orcs
  11 bats
  4 giant cockroaches
  4 goblins
  4 hobgoblins
  4 jackals (D:1)
  2 quokkas
  2 ball pythons
  3 frilled lizards
  A giant cockroach zombie (Sewer)
  21 kobolds
  2 kobold zombies (Sewer)
  A leopard gecko skeleton (D:6)
  9 rats
131 creatures vanquished.

Vanquished Creatures (others)
  A giant cockroach zombie (Sewer)
1 creature vanquished.

Grand Total: 132 creatures vanquished

Notes
Turn   | Place    | Note
-------+----------+-------------------------------------------
     0 | D:1      | DildoBatman the Formicid Wizard began the quest for the
                  | Orb.
     0 | D:1      | Reached XP level 1. HP: 13/13 MP: 4/4
    48 | D:1      | Reached skill level 1 in Conjurations
   405 | D:1      | Reached XP level 2. HP: 19/19 MP: 1/6
   598 | D:1      | Reached skill level 2 in Conjurations
  1014 | D:1      | Reached XP level 3. HP: 23/24 MP: 4/7
  1019 | D:1      | Learned a level 3 spell: Conjure Flame
  1023 | D:1      | Learned a level 3 spell: Mephitic Cloud
  1506 | D:1      | Found a sparkling altar of Nemelex Xobeh.
  1763 | D:2      | Reached skill level 3 in Conjurations
  1911 | D:2      | Reached XP level 4. HP: 24/30 MP: 3/8
  2116 | D:2      | Reached skill level 1 in Shields
  2643 | D:3      | Reached XP level 5. HP: 35/35 MP: 3/9
  2775 | D:3      | Reached skill level 4 in Conjurations
  2808 | D:3      | Reached XP level 6. HP: 41/41 MP: 4/10
  2911 | D:2      | Reached skill level 5 in Conjurations
  3709 | D:4      | Noticed an ogre
  3729 | D:3      | Killed an ogre
  3729 | D:3      | Reached skill level 1 in Fire Magic
  3729 | D:3      | Reached skill level 1 in Air Magic
  3729 | D:3      | Reached XP level 7. HP: 26/46 MP: 8/11
  3859 | D:4      | Found a basalt altar of Yredelemnul.
  4602 | D:5      | Entered Level 5 of the Dungeon
  4733 | D:5      | Reached XP level 8. HP: 42/52 MP: 6/12
  4835 | D:5      | Noticed Edmund
  4899 | D:5      | Found a glowing drain.
  4904 | Sewer    | Entered a sewer
  5231 | Sewer    | Found a burning altar of Makhleb.
  5257 | Sewer    | Reached skill level 6 in Conjurations
  5358 | Sewer    | Noticed Grinder
  5500 | Sewer    | Killed Grinder
  5895 | D:5      | Noticed Ijyb
  6335 | D:6      | Noticed a two-headed ogre
  6335 | D:6      | Noticed a wyvern
  6429 | D:6      | Reached skill level 5 in Fire Magic
  6721 | D:6      | Killed a wyvern
  6721 | D:6      | Reached skill level 5 in Air Magic
  6721 | D:6      | Reached XP level 9. HP: 56/58 MP: 3/13
  6747 | D:6      | Reached skill level 1 in Fighting
  6747 | D:6      | Reached skill level 1 in Armour
  6829 | D:6      | Slain by a wight

Levels and vault maps discovered:
D:1:      minmay_arrival_solitary_statue, layout_basic,
          nemelex_xobeh_ov_fountains_minmay
D:2:      layout_loops_cross, first_ration, minmay_strange_pillars,
          minmay_misc_feat_x
D:3:      layout_loops_ring, uniq_robin
D:4:      layout_gridville, yredelemnul_forgotten_temple_becter
D:5:      layout_basic, gup_sewer_entry_bowl, serial_bayou_lagoon_a,
          st_stairs_12, hangedman_decor_peaks_small, uniq_edmund, uniq_ijyb
D:6:      minmay_inner_zag, layout_basic

Skill      XL: |  1  2  3  4  5  6  7  8  9 |
---------------+----------------------------+-----
Conjurations   | 1 2 3 4 5 6 |  6.0
Shields        | 2 |  2.4
Fire Magic     | 1 2 5 |  5.0
Air Magic      | 1 2 5 |  5.0
Fighting       | 1 |  1.3
Armour         | 1 |  1.3
Dodging        | 2 |  2.3
Stealth        | |  2.4
Spellcasting   | |  3.2
Summonings     | |  1.0
Translocations | |  0.8

Action                   |  1- 3 |  4- 6 |  7- 9 || total
-------------------------+-------+-------+-------++-------
Melee: Unarmed           |    22 |       |       ||    22
       Dagger            |     4 |       |       ||     4
       Short sword       |       |     8 |       ||     8
       Flail             |       |    32 |   117 ||   149
       Halberd           |       |       |    20 ||    20
 Fire: Hunting sling     |       |       |    58 ||    58
Throw: Stone             |       |       |    11 ||    11
 Cast: Magic Dart        |    87 |    59 |   137 ||   283
       Conjure Flame     |       |     1 |    19 ||    20
       Mephitic Cloud    |       |     9 |     6 ||    15
 Abil: Dig               |       |       |    12 ||    12
  Use: Scroll            |       |     1 |     6 ||     7
       Potion            |       |       |     3 ||     3
 Stab: Confused          |       |     1 |     1 ||     2
  Eat: Chunk             |     3 |     6 |     7 ||    16
       Ration            |       |       |     2 ||     2
Armor: Robe              |    16 |       |       ||    16
       Leather armour    |       |     9 |    93 ||   102
Dodge: Dodged            |    45 |    38 |   136 ||   219
Block: Buckler           |       |    20 |    53 ||    73

Table legend:
 A = Non-vault XP
 B = Vault XP
 C = Vault XP percentage of total XP
 D = Non-vault monster count
 E = Vault monster count
 F = Vault count percentage of total count
                 A         B        C        D         E       F
            +---------+---------+-------+---------+---------+-------
      Total |    1727 |     611 |  26.1 |      97 |      34 |  26.0
            +---------+---------+-------+---------+---------+-------
        D:1 |      53 |       0 |   0.0 |      27 |       0 |   0.0
        D:2 |     147 |       0 |   0.0 |      18 |       0 |   0.0
        D:3 |     394 |       0 |   0.0 |      20 |       0 |   0.0
        D:4 |     371 |       0 |   0.0 |      18 |       0 |   0.0
        D:5 |     179 |       0 |   0.0 |       6 |       0 |   0.0
        D:6 |     583 |       0 |   0.0 |       8 |       0 |   0.0
      Sewer |       0 |     611 | 100.0 |       0 |      34 | 100.0
            +---------+---------+-------+---------+---------+-------
